 Dungeon Sprint DCSS version 0.25-a0-589-g1e14c54 (webtiles) character file.

Game seed: 13135268278906673742, levelgen mode: deterministic

14 Faca the Chucker (level 2, -2/29 HPs)
             Began as a Troll Hunter on Mar 9, 2020.
             Splashed by a jelly's acid (11 damage)
             ... in the Dungeon (Sprint IX: "|||||||||||||||||||||||||||||").
             The game lasted 00:00:30 (36 turns).

Faca the Chucker (Troll Hunter)                       Turns: 36, Time: 00:00:31

Health: -2/29      AC: -2    Str: 19    XL:     2   Next: 27%
Magic:  1/1        EV: 10    Int:  7    God:
Gold:   0          SH:  0    Dex: 10    Spells: 1/1 levels left

rFire    . . .     SeeInvis .     - Unarmed
rCold    . . .     Gourm    +   (no shield)
rNeg     . . .     Faith    .   b - +0 robe
rPois    .         Spirit   .   (helmet restricted)
rElec    .         Reflect  .   (no cloak)
rCorr    .         Harm     .   (gloves unavailable)
MR       .....     NoTele   +   (boots unavailable)
Stlth    +.........             (no amulet)
HPRegen  0.49/turn              (no ring)
MPRegen  0.07/turn              (no ring)

@: corroded
A: large, unfitting armour, claws 3, fast metabolism 3, gourmand, regeneration
1, shaggy fur 1, tough skin 3
a: no special abilities


You were in the Dungeon.
You were not hungry.

You visited 1 branch

Inventory:

Missiles
 c - 5 large rocks (quivered)
 d - 2 throwing nets
Armour
 b - a +0 robe (worn)
Scrolls
 k - a scroll of blinking
Potions
 e - a potion of curing
 g - a potion of heal wounds
 h - a potion of haste
 i - 2 potions of magic
 j - a potion of berserk rage
Comestibles
 a - a chunk of flesh
 f - 2 rations


   Skills:
 + Level 2.7 Fighting
 + Level 4.4 Throwing
 - Level 1.5 Dodging
 - Level 0.3 Stealth
 + Level 2.4 Unarmed Combat


You had one spell level left.
You didn't know any spells.
Your spell library was empty.

Dungeon Overview and Level Annotations

Branches:
Dungeon (1/1)

Altars:


Innate Abilities, Weirdness & Mutations

You are too large for most types of armour.
You have claws for hands.
Your metabolism is lightning-fast.
You like to eat raw meat.
Your natural rate of healing is unusually fast.
You are covered in fur. (AC +1)
You have extremely tough skin. (AC +3)


Message History

The leopard gecko barely misses you.
You scratch the leopard gecko.
You kill the leopard gecko!
The crimson imp blinks!
You scratch the crimson imp but do no damage.
The crimson imp hits you.
You scratch the crimson imp.
The crimson imp is lightly wounded.
The crimson imp hits you but does no damage.
You closely miss the crimson imp.
The crimson imp is lightly wounded.
The crimson imp blinks!
The jelly closely misses you.
You claw the jelly! The acid corrodes you!
Your claws burn!
The jelly is heavily wounded.
The jelly hits you.
You are splashed with acid!
You scratch the jelly. The acid corrodes you!
Your claws burn!
The jelly is heavily wounded.
The jelly hits you.
You are splashed with acid!
You die... ▓▓▓▓▓▓▓▓▓▓▓▓▓▓▓▓▓▓ +..ZJ@'5...)'...<▓ ▓▓▓▓▓▓▓▓▓▓▓▓▓▓▓▓▓▓

You could see a jelly, a crimson imp and an adder skeleton.

Vanquished Creatures
  A shadow imp (D)
  A leopard gecko (D)
  A bat (D)
  2 kobolds (D)
  2 rats (D)
7 creatures vanquished.

Notes
Turn   | Place    | Note
-------+----------+-------------------------------------------
     0 | D        | Faca the Troll Hunter began the quest for the Orb.
     0 | D        | Reached XP level 1. HP: 19/19 MP: 0/0
    16 | D        | Reached skill level 1 in Unarmed Combat
    26 | D        | Noticed a crimson imp
    26 | D        | Noticed a jelly
    27 | D        | Reached skill level 4 in Throwing
    27 | D        | Reached XP level 2. HP: 29/29 MP: 1/1
    36 | D        | Splashed by a jelly's acid

Levels and vault maps discovered:
D:        linesprint [early_d, line_temple, items_1, d_10, items_2, lair_1,
          lair_end, items_3, orc_1, orc_end, items_4, d_15, swamp_1, shoals_1,
          snake_1, spider_1, d_20, vaults_1, items_5, swamp_end, shoals_end,
          snake_end, spider_end, vaults_end, d_27, items_6, zot_1, zot_end,
          crypt_end, forest_end, elf_end, slime_end, tomb_end, abyss_end,
          pan_hell_end]

Skill      XL: |  1 |
---------------+----+-----
Fighting       | 2 |  2.7
Unarmed Combat | 2 |  2.4
Throwing       | 4 |  4.4
Dodging        | |  1.5
Stealth        | |  0.3

Action                   || total
-------------------------++-------
Melee: Unarmed           ||    21
Armor: Robe              ||     6
Dodge: Dodged            ||     9

Table legend:
 A = Non-vault XP
 B = Vault XP
 C = Vault XP percentage of total XP
 D = Non-vault monster count
 E = Vault monster count
 F = Vault count percentage of total count
                 A         B        C        D         E       F
            +---------+---------+-------+---------+---------+-------
      Total |       0 |      20 | 100.0 |       0 |       7 | 100.0
            +---------+---------+-------+---------+---------+-------
          D |       0 |      20 | 100.0 |       0 |       7 | 100.0
            +---------+---------+-------+---------+---------+-------
